 Dungeon Crawl Stone Soup version 0.32-a0-433-g08bcfe7efd (webtiles) character file.

Game seed: 722472083075341129

4947 ezpacito the Trooper (level 10, -1/84 HPs)
             Began as a Demonspawn Chaos Knight on Feb 22, 2024.
             Was a Plaything of Xom.
             Killed from afar by a gargoyle (11 damage)
             ... with a stone arrow
             ... on level 8 of the Dungeon.
             The game lasted 00:14:27 (8586 turns).

ezpacito the Trooper (Demonspawn Chaos Knight)      Turns: 8586, Time: 00:14:27

Health: -1/84      AC: 14    Str: 16    XL:     10   Next: 28%
Magic:  17/17      EV:  7    Int: 14    God:    Xom [.....*]
Gold:   270        SH:  4    Dex: 12    Spells: 19/19 levels left

rFire   + + .        a - +1 hand axe (chaos)
rCold   + + .        (no shield)
rNeg    . . .        g - +2 plate armour
rPois   .            (no helmet)
rElec   .            C - scarf {rC+ rF+}
rCorr   .            (no gloves)
SInv    .            (no boots)
Will    .....        (no amulet) Stlth
                     p - ring of protection from fire
HPRegen 0.34/turn    (no ring)
MPRegen 0.30/turn

%: clarity
@: no status effects
A: demonic guardian 2, magic regeneration, sturdy frame 1, demonic touch 2,
large bone plates 1, clarity, cold resistance 1, robust 1, wild magic 3
a: Renounce Religion


You were on level 8 of the Dungeon.
You worshipped Xom.
You were Xom's teddy bear.
You visited 2 branches of the dungeon, and saw 9 of its levels.
You also visited: Ossuary.

You collected 404 gold pieces.
You spent 134 gold pieces at shops.

Inventory:

Hand Weapons
 a - a +1 hand axe of chaos (weapon)
 w - a +0 war axe
Missiles
 f - a throwing net
 k - 7 poisoned darts (quivered)
 q - 12 boomerangs
Armour
 c - a +0 cloak
 e - an orb of guile
 g - a +2 plate armour (worn)
 h - a +2 leather armour of poison resistance
 C - a scarf of resistance (worn)
Jewellery
 p - a ring of protection from fire (left hand)
Wands
 i - a wand of quicksilver (3)
 y - a wand of mindburst (11)
 A - a wand of roots (2)
Scrolls
 b - 2 scrolls of brand weapon
 r - a scroll of fear
 s - a scroll of butterflies
 v - 4 scrolls of noise
 x - a scroll of silence
 B - a scroll of vulnerability
Potions
 d - 3 potions of lignification
 j - 2 potions of resistance
 l - a potion of magic
 n - a potion of enlightenment
 o - a potion of attraction
 t - 2 potions of brilliance
 u - a potion of mutation


   Skills:
 * Level 6.6 Fighting
 * Level 5.8 Axes
 * Level 5.4 Armour
 * Level 5.0 Dodging
 + Level 3.5 Stealth
 * Level 5.0 Unarmed Combat
 * Level 5.1 Spellcasting
 * Level 4.2 Evocations


You had 19 spell levels left.
You didn't know any spells.
Your spell library was empty.

Dungeon Overview and Level Annotations

Branches:
Dungeon (8/15)             Temple (1/1) D:6         Ossuary (visited)
   Lair: D:8-11

Altars:
Cheibriados
Dithmenos
Gozag
Hepliaklqana
Kikubaaqudgha
Makhleb
Qazlal
Sif Muna
Trog
Wu Jian
Xom
Yredelemnul

Shops:
D:2 [   D:7 *

Annotations:
D:7 2 transporters, Echelon's ghost, novice CoFi


Innate Abilities, Weirdness & Mutations

A demonic guardian rushes to your aid.
You regenerate magic rapidly.
Your movements are slightly less encumbered by armour. (ER -2)
Your touch may inflict irresistible damage on your foes.
You are partially covered in large bone plates. (SH +4)
You possess an exceptional clarity of mind.
Your flesh is cold resistant. (rC+)
You are robust. (+10% HP)
Your spells are much harder to cast, but much more powerful.


Message History

Your red devil hits the boulder beetle but does no damage.
The boulder beetle curls into a ball and begins rolling!
Your red devil hits the boulder beetle with a +0 trident.
The boulder beetle is skewered by barbed spikes.
The boulder beetle hits your red devil!!!
Your red devil dies!
Your red devil disappears in a puff of smoke!
The boulder beetle stops rolling and uncurls.
Your extra speed is starting to run out.
The boulder beetle bites your hellwing.
Your hellwing hits the boulder beetle.
Your hellwing hits the boulder beetle but does no damage.
The boulder beetle bites your hellwing!!
Your hellwing hits the boulder beetle but does no damage.
Your hellwing completely misses the boulder beetle.
The boulder beetle bites your hellwing.
Your hellwing hits the boulder beetle.
Your hellwing barely misses the boulder beetle.
Your chaos spawn degenerates into a cloud of primal chaos!
The boulder beetle curls into a ball and begins rolling!
Your hellwing hits the boulder beetle!
Your hellwing completely misses the boulder beetle.
You feel yourself slow down. The boulder beetle hits your hellwing!
Your hellwing dies!
Your hellwing disappears in a puff of smoke!
The boulder beetle stops rolling and uncurls.
The boulder beetle bites your iron imp.
Your iron imp hits the boulder beetle but does no damage.
The boulder beetle bites your iron imp!!
Your iron imp dies!
Your iron imp disappears in a puff of smoke!
The boulder beetle leaps!
You hit the gargoyle but do no damage.
The gargoyle hurls a stone arrow at you.
The stone arrow hits you!
* * * LOW HITPOINT WARNING * * *
A demonic guardian appears!
You hit the gargoyle but do no damage.
The acid corrodes the gargoyle!
The gargoyle hurls a stone arrow at you.
The stone arrow hits you!
You die...

#.#..#.#)#..##.##.####..........
#.##.#.#.#.##...#.)# ####..#####
#..#.#)#.#.##...##.## #..# #
##.##..#..##.....#..# #..# # #
#..#..#..##.....##.## #..# # #
##.##.#.##.......#..# #..# # #
#..#.#.##.......##.## #..# # #
##.##.##.........#..# #..# # #
#..#.##.....@9).##.# #..# #
#####..#'#'#######4#)#.###..#####
...##..##.........##.#...........
##.##...#.###.###.##J##.##..#####
........###.....###.#.#..#..#
##.####..#......)##.#.##.#..#
##.# #...##..#..##.###B#....#
##.###....#..#..##.#)#.##..##
##.#....[.##...##c##.##.#..#


You could see a gargoyle (corroded, ally target) and a friendly ice devil
(summoned).

Vanquished Creatures
  A troll (D:8)
  A slime creature (D:8)
  A shadow (D:8)
  A yak (D:8)
  A water moccasin (D:8)
  A sky beast (D:7)
  An orc warrior (D:8)
  A tengu (Ossuary)
  2 centaurs (D:8)
  An ogre (D:6)
  A phantom (D:3)
  2 bullfrogs (D:7)
  10 scorpions
  8 wights (D:8)
  A bombardier beetle (D:4)
  4 howler monkeys
  2 centaur zombies (Ossuary)
  A jelly (D:8)
  3 human zombies (Ossuary)
  3 orc priests
  2 hounds (D:5)
  3 iguanas
  A scorpion zombie (Ossuary)
  Terence (D:2)
  2 sleepcaps
  3 orc wizards (D:8)
  2 mummies (Ossuary)
  11 gnolls
  7 adders
  A river rat (D:8)
  2 shadow imps
  A white imp (D:7)
  5 adder zombies (Ossuary)
  3 dart slugs
  25 orcs
  5 endoplasms
  A gnoll zombie (Ossuary)
  10 goblins
  3 hobgoblins
  4 jackals (D:2)
  3 kobolds (D:3)
  A quokka (D:4)
  7 ball pythons
  A ball python zombie (Ossuary)
  A bat (D:3)
  4 frilled lizards
  2 orc zombies (Ossuary)
  6 rats
163 creatures vanquished.

Vanquished Creatures (collateral kills)
  A two-headed ogre (D:8)
  A slime creature (D:8)
  An orc warrior (D:8)
  A black bear (D:7)
  A centaur (D:7)
  A gnoll sergeant (D:8)
  A gnoll bouda (D:6)
  Crazy Yiuf (D:2)
  A human zombie (Ossuary)
  An orc priest (D:4)
  2 orc wizards
  A mummy (Ossuary)
  11 gnolls
  A ribbon worm (D:4)
  3 orcs
  2 kobolds (D:4)
  A quokka (D:4)
31 creatures vanquished.

Vanquished Creatures (others)
  A gnoll zombie (D:8)
1 creature vanquished.

Grand Total: 195 creatures vanquished

Notes
Turn   | Place    | Note
-------+----------+-------------------------------------------
     0 | D:1      | ezpacito the Demonspawn Chaos Knight began the quest for
                  | the Orb.
     0 | D:1      | Reached XP level 1. HP: 18/18 MP: 1/1
   257 | D:1      | XOM: silly message
   264 | D:1      | Reached skill level 1 in Dodging
   322 | D:1      | XOM: silly message
   394 | D:1      | Gained mutation: A weak demonic guardian rushes to your
                  | aid. [demonic ancestry]
   394 | D:1      | Reached XP level 2. HP: 24/24 MP: 2/2
   419 | D:1      | XOM: confusion
   722 | D:2      | XOM: noise
   732 | D:2      | Found Balat's Antique Armour Shoppe.
   766 | D:2      | You fall into a shaft and drop 2 floors!
   789 | D:4      | Gained mutation: A demonic guardian rushes to your aid.
                  | [demonic ancestry]
   789 | D:4      | Reached XP level 3. HP: 23/29 MP: 3/3
   842 | D:3      | Reached skill level 1 in Unarmed Combat
  1012 | D:3      | XOM: 3-stop teleportation journey
  1037 | D:3      | XOM: give mutation
  1037 | D:3      | Gained mutation: You are partially covered in large bone
                  | plates. (SH +4) [Xom's mischief]
  1053 | D:2      | Reached skill level 1 in Spellcasting
  1204 | D:2      | Noticed Terence
  1207 | D:2      | Found a faded altar of an unknown god.
  1212 | D:2      | Killed Terence
  1213 | D:2      | Reached XP level 4. HP: 24/35 MP: 5/5
  1528 | D:2      | XOM: summons 2 hostile demons
  1529 | D:2      | Noticed a chaos spawn
  1535 | D:2      | XOM: butterfly on damage
  1834 | D:1      | XOM: noise
  1914 | D:2      | Found a runed translucent door.
  1915 | D:2      | Noticed Crazy Yiuf
  2120 | D:2      | Killed Crazy Yiuf
  2121 | D:2      | Reached skill level 1 in Stealth
  2375 | D:3      | Gained mutation: Your movements are slightly less
                  | encumbered by armour. (ER -2) [demonic ancestry]
  2375 | D:3      | Reached XP level 5. HP: 41/41 MP: 7/7
  2402 | D:3      | HP: 1/41 [gnoll/+0 spear (3)]
  2566 | D:3      | XOM: noise
  2589 | D:3      | XOM: give mutations
  2589 | D:3      | Gained mutation: You possess an exceptional clarity of
                  | mind. [Xom's grace]
  2589 | D:3      | Gained mutation: Your spells are a little harder to cast,
                  | but a little more powerful. [Xom's grace]
  2589 | D:3      | Gained mutation: You are robust. (+10% HP) [Xom's grace]
  2740 | D:3      | XOM: cloud trail
  2830 | D:3      | XOM: summons 3 hostile demons
  3183 | D:4      | Noticed a phantom
  3209 | D:3      | Killed a phantom
  3210 | D:3      | Gained mutation: You regenerate magic rapidly. [demonic
                  | ancestry]
  3210 | D:3      | Reached XP level 6. HP: 50/52 MP: 8/8
  3367 | D:4      | Reached skill level 4 in Fighting
  3451 | D:4      | XOM: 4-stop teleportation journey
  3613 | D:4      | XOM: give mutations
  3613 | D:4      | Gained mutation: Your spells are harder to cast, but more
                  | powerful. [Xom's grace]
  3613 | D:4      | Gained mutation: Your spells are much harder to cast, but
                  | much more powerful. [Xom's grace]
  3840 | D:2      | XOM: give mutation
  3840 | D:2      | Gained mutation: Your flesh is cold resistant. (rC+) [Xom's
                  | grace]
  3913 | D:4      | Found a shimmering blue altar of Sif Muna.
  4147 | D:4      | XOM: noise
  4153 | D:4      | Reached XP level 7. HP: 55/59 MP: 10/10
  4197 | D:5      | Entered Level 5 of the Dungeon
  4213 | D:5      | XOM: smoke on damage
  4232 | D:5      | XOM: confuse monster(s)
  4751 | D:5      | XOM: 1-stop teleportation journey
  5001 | D:5      | XOM: cleaving
  5002 | D:5      | XOM: polymorph ice beast -> adder
  5153 | D:6      | XOM: god gift: 20 gold pieces
  5181 | D:6      | Found a sand-covered staircase.
  5219 | Ossuary  | Entered an ossuary
  5269 | Ossuary  | XOM: confuse monster(s)
  5276 | Ossuary  | Reached skill level 1 in Evocations
  5276 | Ossuary  | Reached XP level 8. HP: 64/67 MP: 12/12
  5334 | Ossuary  | XOM: silly message
  5429 | Ossuary  | Reached skill level 5 in Fighting
  5682 | Ossuary  | XOM: divination: detect items
  5968 | D:6      | Found a basalt altar of Yredelemnul.
  5989 | D:6      | Found a staircase to the Ecumenical Temple.
  6017 | Temple   | Entered the Ecumenical Temple
  6500 | D:7      | XOM: noise
  6615 | D:7      | Found a transporter.
  6619 | D:7      | Found a transporter.
  6619 | D:7      | Noticed a moth of wrath
  6620 | D:7      | Found a bloodstained altar of Trog.
  6768 | D:7      | Gained mutation: Your touch may inflict minor irresistible
                  | damage on your foes. [demonic ancestry]
  6768 | D:7      | Reached XP level 9. HP: 74/74 MP: 14/14
  6807 | D:7      | XOM: cleaving
  6809 | D:7      | XOM: divination: magic mapping
  6810 | D:7      | Noticed Echelon's ghost (novice CoFi)
  6926 | D:7      | Found Bem Xuss's General Store.
  6943 | D:7      | Reached skill level 5 in Axes
  7009 | D:7      | Bought a potion of heal wounds for 55 gold pieces
  7009 | D:7      | Bought a wand of roots (3) for 79 gold pieces
  7115 | D:7      | Found a shimmering altar of Xom.
  7115 | D:7      | Noticed an angel
  7148 | D:7      | XOM: silly message
  7331 | D:8      | XOM: confuse monster(s)
  7486 | D:8      | XOM: silly message
  7598 | D:8      | Found a stormy altar of Qazlal.
  7605 | D:8      | Reached skill level 6 in Fighting
  7958 | D:8      | Reached skill level 5 in Armour
  8027 | D:8      | XOM: summons 5 hostile demons
  8405 | D:8      | XOM: scenery: create altars
  8529 | D:8      | Noticed a two-headed ogre
  8529 | D:8      | Noticed a gargoyle
  8529 | D:8      | Noticed a troll
  8529 | D:8      | Noticed a centaur warrior
  8529 | D:8      | Noticed a boulder beetle
  8535 | D:8      | a centaur warrior changed into a river rat
  8535 | D:8      | XOM: polymorph centaur warrior -> river rat
  8548 | D:8      | Killed a troll
  8548 | D:8      | XOM: summons 4 friendly demons
  8549 | D:8      | Gained mutation: Your touch may inflict irresistible damage
                  | on your foes. [demonic ancestry]
  8549 | D:8      | Reached XP level 10. HP: 26/84 MP: 17/17
  8558 | D:8      | Reached skill level 5 in Spellcasting
  8562 | D:8      | Killed a two-headed ogre
  8563 | D:8      | Reached skill level 5 in Dodging
  8566 | D:8      | Reached skill level 5 in Unarmed Combat
  8586 | D:8      | Killed from afar by a gargoyle

Illustrated notes

Levels and vault maps discovered:
D:1:      lightli_molten_gateway, layout_basic
D:2:      layout_basic, serial_shops, nicolae_shop_tiny_statue_garden,
          ebering_ecumenical_altar_webs, minmay_tree_intersection,
          minmay_misc_feat_doors, uniq_terence, uniq_crazy_yiuf_cottage
D:3:      layout_loops_ring, serial_park_tiny_1
D:4:      layout_rooms, mainiacjoe_overflow_chevrons
D:5:      layout_basic
D:6:      layout_loops_ring, yredelemnul_altar_generic, temple_pool_b,
          lightli_ossuary_entry_decrepit_ruins, minmay_splitting_lines,
          moated_statue
D:7:      layout_basic, grunt_temple_overflow_order_and_chaos_1, serial_shops,
          shop, gammafunk_ghost_wrathful_warriors, columned_hall_lemuel
D:8:      minmay_the_grid_triangle_9x9_rhombus_thin
          [minmay_the_grid_triangle_9x9_dagger,
          minmay_the_grid_triangle_9x9_prize_top_heavy,
          minmay_the_grid_triangle_9x9_wacky_v,
          minmay_the_grid_triangle_9x9_empty], layout_loops_ring,
          mainiacjoe_overflow_paths, enter_bailey_4
Temple:   hellmonk_temple_forest_ring

Skill      XL: |  1  2  3  4  5  6  7  8  9 10 |
---------------+-------------------------------+-----
Dodging        | 1 2 3 4 5 |  5.0
Armour         | 2 3 4 5 |  5.4
Unarmed Combat | 1 2 3 4 5 |  5.0
Spellcasting   | 1 2 3 4 5 |  5.1
Axes           | 3 4 5 |  5.8
Stealth        | 1 2 3 |  3.5
Fighting       | 4 5 6 |  6.6
Evocations     | 1 2 3 4 |  4.2

Action                     |  1- 3 |  4- 6 |  7- 9 | 10-12 || total
---------------------------+-------+-------+-------+-------++-------
  Melee: Hand axe          |   101 |   151 |   467 |     3 ||   722
         Touch             |       |       |    36 |       ||    36
  Evoke: Wand              |       |       |     6 |       ||     6
    Use: Potion            |     1 |     5 |     8 |       ||    14
         Scroll            |       |     7 |    15 |       ||    22
   Stab: Sleeping          |     1 |     1 |     2 |       ||     4
         Petrified         |       |    13 |       |       ||    13
         Confused          |       |       |    10 |       ||    10
         Paralysed         |       |       |     2 |       ||     2
         Distracted        |       |       |     1 |       ||     1
 Armour: Leather armour    |    57 |   107 |   216 |       ||   380
         Plate armour      |       |       |   141 |     3 ||   144
  Dodge: Dodged            |    53 |    90 |   246 |       ||   389
  Block: Other             |     4 |    24 |    68 |       ||    96

Table legend: (Time is in decaauts)
 A = Elapsed time spent in this place.
 B = Non-inter-level travel time spent in this place.
 C = Inter-level travel time spent in this place.
 D = Time resting spent in this place.
 E = Time spent auto-exploring this place.
 F = Levels seen in this place.
 G = Mean time per level.
                   A        B        C        D        E       F      G
               +--------+--------+--------+--------+--------+-----+--------+
         Total |   8600 |   7882 |    718 |    424 |   5509 |  10 |  860.0 |
       Dungeon |   7861 |   7144 |    717 |    424 |   5044 |   8 |  982.6 |
        Temple |      1 |      1 |      0 |      0 |      0 |   1 |    1.0 |
       Ossuary |    736 |    736 |      0 |      0 |    465 |   1 |  736.0 |
               +--------+--------+--------+--------+--------+-----+--------+

Top non-repeatable levels by time:
     D:2: 1387 daAuts
     D:8: 1344 daAuts
     D:3: 1202 daAuts
     D:5: 905 daAuts
     D:4: 827 daAuts
     D:1: 775 daAuts
 Ossuary: 736 daAuts
     D:7: 732 daAuts
     D:6: 687 daAuts
  Temple: 1 daAuts
